 Dungeon Crawl Stone Soup version 0.29-a0-284-gf9362112df (webtiles) character file.

Game seed: 5794619208101556080

83 Rennog the Skirmisher (level 4, 0/39 HPs)
             Began as a Formicid Fighter on Mar 28, 2022.
             Succumbed to an orc wizard's poison
             ... on level 3 of the Dungeon.
             The game lasted 00:01:42 (2108 turns).

Rennog the Skirmisher (Formicid Fighter)            Turns: 2108, Time: 00:01:43

Health: 0/39       AC:  8    Str: 20    XL:     4   Next: 71%
Magic:  4/4        EV:  9    Int:  8    God:
Gold:   191        SH:  4    Dex: 12    Spells: 3/3 levels left

rFire   . . .      SeeInvis +   a - +0 flail
rCold   . . .      Faith    .   c - +0 buckler
rNeg    . . .      Spirit   .   b - +0 scale mail
rPois   .          Reflect  .   (helmet unavailable)
rElec   .          Harm     .   j - +0 cloak
rCorr   .          Rampage  .   (no gloves)
Will    .....                   (no boots)
Stlth   ..........              (no amulet)
HPRegen 0.13/turn               (no ring)
MPRegen 0.09/turn               (no ring)

@: lethally poisoned (0 -> -26)
A: permanent stasis, dig shafts and tunnels, antennae 3, four strong arms
a: Dig, Shaft Self


You were on level 3 of the Dungeon.
You visited 1 branch of the dungeon, and saw 3 of its levels.

You collected 191 gold pieces.

Inventory:

Hand Weapons
 a - a +0 flail (weapon)
Missiles
 o - a throwing net
Armour
 b - a +0 scale mail (worn)
 c - a +0 buckler (worn)
 j - a +0 cloak (worn)
Scrolls
 e - a scroll of vulnerability {unknown}
 f - 5 scrolls of identify {unknown}
 h - a scroll of immolation {unknown}
 l - 5 scrolls of fog {unknown}
 n - a scroll of brand weapon {unknown}
Potions
 d - a potion of might
 g - a potion of haste {unknown}
 i - 2 potions of curing {unknown}
 k - a potion of mutation {unknown}
 m - a potion of lignification {unknown}


   Skills:
 + Level 5.6 Fighting
 - Level 2.0 Maces & Flails
 - Level 3.2 Armour
 - Level 3.6 Shields


You had 3 spell levels left.
You didn't know any spells.
Your spell library contained the following spells:

 Spells                   Type           Power      Damage    Failure   Level
 Corpse Rot               Necr/Air       0%         N/A       92%         2
 Poisonous Vapours        Pois/Air       0%         N/A       92%         2


Dungeon Overview and Level Annotations

Branches:
Dungeon (3/15)

Altars:


Innate Abilities, Weirdness & Mutations

You cannot be hasted, slowed, berserked, paralysed or teleported.
You can dig through walls and to a lower floor.
You have a pair of large antennae on your head. (SInv)
Your four strong arms can wield two-handed weapons with a shield.


Message History

The orc wizard points at you and mumbles some strange words.
The puff of flame hits you!
You hit the orc wizard but do no damage.
The orc wizard is almost dead.
You feel very sick.
The orc wizard gestures at you while chanting.
The puff of flame hits you. You block the orc wizard's attack.
You are too injured to fight recklessly!
You are too injured to fight recklessly!
You are too injured to fight recklessly!
You are too injured to fight recklessly!
You are too injured to fight recklessly!
You are too injured to fight recklessly!
You are too injured to fight recklessly!
You are too injured to fight recklessly!
You are too injured to fight recklessly!
You are too injured to fight recklessly!
You are too injured to fight recklessly!
You are too injured to fight recklessly!
You are too injured to fight recklessly!
You are too injured to fight recklessly!
You barely miss the orc wizard.
The orc wizard is almost dead.
You feel sick. You block the orc wizard's attack.
You closely miss the orc wizard.
The orc wizard is almost dead.
You feel sick.
The orc wizard hits you but does no damage.
You are more poisoned.
You miss the orc wizard.
The orc wizard is almost dead.
* * * LOW HITPOINT WARNING * * *
You feel very sick. The orc wizard barely misses you.
The orc wizard hits you with a +2 dagger of venom.
* * * LOW HITPOINT WARNING * * *
You are more poisoned.
You closely miss the orc wizard.
The orc wizard is almost dead.
You die...

....#..............
........>..)...### .. .
#.#........###.# ..# .
#.#........# #.####... .#
#<##....†..# #.....#>. ..
#.##.......# #........
#.###†##.......# #........
#).........)††.###........
).....#.#.......@o.....#
......#.#......####.......
........###.#### ..<>##.
...............# ....#
###.....###.##.........#
###..## ...> ..##......
#..# ..### ## ####...
#.... ##.. #.. ##.### ###


You could see an orc wizard (invisible).

Vanquished Creatures
  3 adders
  3 worms (D:2)
  5 bats
  5 endoplasms
  2 giant cockroaches
  5 goblins
  4 hobgoblins
  4 jackals (D:2)
  3 kobolds
  3 quokkas (D:2)
  A ball python (D:2)
  3 frilled lizards
  3 rats
44 creatures vanquished.

Vanquished Creatures (others)
  4 toadstools (D:1)
4 creatures vanquished.

Grand Total: 48 creatures vanquished

Notes
Turn   | Place    | Note
-------+----------+-------------------------------------------
     0 | D:1      | Rennog the Formicid Fighter began the quest for the Orb.
     0 | D:1      | Reached XP level 1. HP: 18/18 MP: 1/1
   279 | D:1      | Reached XP level 2. HP: 17/25 MP: 2/2
   534 | D:1      | Reached skill level 4 in Fighting
  1299 | D:2      | Reached XP level 3. HP: 31/31 MP: 3/3
  1310 | D:2      | Found a faded altar of an unknown god.
  1504 | D:2      | Reached skill level 5 in Fighting
  1641 | D:2      | Reached XP level 4. HP: 35/39 MP: 4/4
  2108 | D:3      | Succumbed to an orc wizard's poison

Illustrated notes

Levels and vault maps discovered:
D:1:      dpeg_arrival_arbitrary_b, layout_basic, minmay_gold_behind_fungi
D:2:      layout_rooms, ebering_ecumenical_altar_sacrificial
D:3:      layout_rooms

Skill      XL: |  1  2  3 |
---------------+----------+-----
Fighting       | 4 5 |  5.6
Maces & Flails | |  2.0
Armour         | |  3.2
Shields        | |  3.6

Action                   |  1- 3 |  4- 6 || total
-------------------------+-------+-------++-------
Melee: Flail             |   106 |    45 ||   151
Armor: Scale mail        |    54 |    23 ||    77
Dodge: Dodged            |    45 |    27 ||    72
Block: Buckler           |    23 |    16 ||    39

Table legend: (Time is in decaauts)
 A = Elapsed time spent in this place.
 B = Non-inter-level travel time spent in this place.
 C = Inter-level travel time spent in this place.
 D = Time resting spent in this place.
 E = Time spent auto-exploring this place.
 F = Levels seen in this place.
 G = Mean time per level.
                   A        B        C        D        E       F      G
               +--------+--------+--------+--------+--------+-----+--------+
         Total |   2157 |   2073 |     84 |      0 |   1705 |   3 |  719.0 |
       Dungeon |   2157 |   2073 |     84 |      0 |   1705 |   3 |  719.0 |
               +--------+--------+--------+--------+--------+-----+--------+

Top non-repeatable levels by time:
     D:1: 1281 daAuts
     D:2: 685 daAuts
     D:3: 190 daAuts
